 Dungeon Crawl Stone Soup version 0.29.1-1-gd02db6906a (webtiles) character file.

Game seed: 11769599391379664163

1209 EvilAshe the Carver (level 8, -3/65 HPs)
             Began as a Human Fighter on Sept 26, 2022.
             Was an Initiate of the Shining One.
             Slain by an unseen horror (7 damage)
             ... on level 6 of the Dungeon.
             The game lasted 00:14:54 (7155 turns).

EvilAshe the Carver (Human Fighter)                 Turns: 7155, Time: 00:14:54

Health: -3/65      AC:  7    Str: 18    XL:     8   Next: 74%
Magic:  8/8        EV:  9    Int:  9    God:    the Shining One [......]
Gold:   10         SH:  4    Dex: 13    Spells: 7/7 levels left

rFire   . . .      SeeInvis .   a - +1 long sword
rCold   . . .      Faith    .   c - +0 buckler
rNeg    . . .      Spirit   .   b - +0 scale mail
rPois   .          Reflect  .   (no helmet)
rElec   .          Harm     .   (no cloak)
rCorr   .          Rampage  .   (no gloves)
Will    .....                   s - +0 pair of boots
Stlth   ..........              (no amulet)
HPRegen 0.20/turn               (no ring)
MPRegen 0.11/turn               (no ring)

@: glowing
A: no striking features
a: Renounce Religion


You were on level 6 of the Dungeon.
You worshipped the Shining One.
The Shining One was noncommittal.
You visited 2 branches of the dungeon, and saw 7 of its levels.
You also visited: Sewer.

You collected 238 gold pieces.
You spent 228 gold pieces at shops.

Inventory:

Hand Weapons
 a - a +1 long sword (weapon)
Missiles
 d - 7 poisoned darts (quivered)
 n - 4 javelins
Armour
 b - a +0 scale mail (worn)
 c - a +0 buckler (worn)
 q - the +3 chain mail of Analysis {rPois rF- Dex-5 SInv}
   (You bought it in a shop on level 6 of the Dungeon)

   Dex:       It affects your dexterity (-5).
   rF:        It makes you vulnerable to fire.
   rPois:     It protects you from poison.
   SInv:      It lets you see invisible.
 s - a +0 pair of boots (worn)
Wands
 i - a wand of flame (13)
 r - a wand of digging (6)
Scrolls
 e - 2 scrolls of enchant weapon
 f - a scroll of magic mapping
 j - a scroll of butterflies
 k - a scroll of enchant armour {unknown}
 l - 2 scrolls of identify
 o - a scroll of blinking
 p - a scroll of vulnerability {unknown}
Potions
 g - a potion of cancellation
 h - 2 potions of magic
 m - a potion of brilliance


   Skills:
 + Level 6.4 Fighting
 * Level 8.3 Long Blades
 - Level 3.0 Armour
 - Level 3.0 Shields


You had 7 spell levels left.
You didn't know any spells.
Your spell library contained the following spells:

 Spells                   Type           Power      Damage    Failure   Level
 Stone Arrow              Conj/Erth      0%         3d7       99%         3
 Animate Armour           Summ/Erth      0%         N/A       100%        4
 Iskenderun's Battlesphe  Conj           0%         2d6       100%        5
 Iron Shot                Conj/Erth      0%         9d1       100%        6
 Spellforged Servitor     Conj/Summ      0%         N/A       100%        7
 Lehudib's Crystal Spear  Conj/Erth      0%         10d2      100%        8


Dungeon Overview and Level Annotations

Branches:
Dungeon (6/15)             Temple (1/1) D:4           Sewer (visited)

Altars:
Dithmenos
Kikubaaqudgha
Okawaru
Trog
Vehumet
Zin
The Shining One

Shops:
D:3 (   D:6 [

Annotations:
D:3 Grinder
D:6 Maggie


Message History

The ogre hits you with a +0 giant club!!
You are too injured to fight recklessly!
You are too injured to fight recklessly!
You hit the ogre.
The ogre is almost dead.
The ogre hits you with a +0 giant club!
You barely miss the ogre.
The ogre is almost dead.
You block the ogre's attack.
You hit the ogre.
The ogre is almost dead.
You hit the ogre.
You kill the ogre!
You start resting.
HP restored.
Things that are here:
a +0 giant club; an ogre corpse Something hits you.
Deactivating autopickup; reactivate with Ctrl-A.
Something hits you but does no damage. Something hits you. x2
You slash something! Something completely misses you.
Something hits you but does no damage. Something hits you. Something hits you.
Something hits you! Something hits you!
You hit something but do no damage. Something hits you.
You miss something. Something hits you. x2
You slash something! Something hits you but does no damage. Something hits you.
Something hits you but does no damage. Something hits you!
Something hits you but does no damage. Something hits you!
* * * LOW HITPOINT WARNING * * *
Something hits you.
* * * LOW HITPOINT WARNING * * *
Something hits you!
* * * LOW HITPOINT WARNING * * *
Something hits you!
You die...

###################
##.@................
###..####.#..#####....
#...................##
#.####.#######.####.#
#)# #.## #.# #.# #.#
#..##+ ..# #.# #.#
#....#....# #.# #.#
##.......## #.# #.#
+.......+ #.#


There were no monsters in sight!

Vanquished Creatures
  2 water moccasins
  A black bear (D:3)
  2 ogres
  A centaur (D:5)
  2 kobold brigands (Sewer)
  2 scorpions
  A hound (D:6)
  An iguana (D:3)
  Jessica (D:2)
  2 orc wizards
  A gnoll (D:4)
  6 adders
  5 river rats (Sewer)
  6 worms
  6 dart slugs
  7 orcs
  4 bats
  4 endoplasms
  7 giant cockroaches
  3 goblins
  8 hobgoblins
  33 jackals
  7 quokkas
  6 ball pythons
  6 frilled lizards
  5 kobolds
  8 rats
137 creatures vanquished.

Vanquished Creatures (others)
  5 plants (Sewer)
5 creatures vanquished.

Grand Total: 142 creatures vanquished

Notes
Turn   | Place    | Note
-------+----------+-------------------------------------------
     0 | D:1      | EvilAshe the Human Fighter began the quest for the Orb.
     0 | D:1      | Reached XP level 1. HP: 18/18 MP: 1/1
   279 | D:1      | Reached XP level 2. HP: 24/24 MP: 2/2
   557 | D:1      | Reached XP level 3. HP: 27/29 MP: 3/3
   566 | D:1      | Reached skill level 3 in Long Blades
  1291 | D:2      | Reached XP level 4. HP: 31/35 MP: 4/4
  1664 | D:2      | Reached skill level 4 in Long Blades
  1757 | D:2      | Noticed Jessica
  1763 | D:2      | Killed Jessica
  1764 | D:2      | Reached XP level 5. HP: 39/42 MP: 5/5
  1901 | D:2      | Found a faded altar of an unknown god.
  2164 | D:2      | Found an ancient bone altar of Kikubaaqudgha.
  2318 | D:3      | Found a glowing drain.
  2481 | D:3      | Found Rogihunyqa's Antique Weapon Boutique.
  2496 | D:3      | Identified the +1 leather armour "Sarch" {-Cast Rampage
                  | Will+ Str+2}
  2574 | Sewer    | Entered a sewer
  2584 | Sewer    | Noticed a kobold brigand
  2601 | Sewer    | Killed a kobold brigand
  2602 | Sewer    | Reached skill level 5 in Long Blades
  2602 | Sewer    | Reached XP level 6. HP: 33/49 MP: 6/6
  3266 | Sewer    | Reached XP level 7. HP: 52/55 MP: 7/7
  3971 | D:3      | Noticed Grinder
  4068 | D:3      | Reached skill level 5 in Fighting
  4068 | D:3      | Reached skill level 6 in Long Blades
  4509 | D:4      | Found a staircase to the Ecumenical Temple.
  4543 | Temple   | Entered the Ecumenical Temple
  4549 | Temple   | Became a worshipper of the Shining One
  4922 | D:4      | You fall into a shaft and drop 1 floor!
  4922 | D:5      | Entered Level 5 of the Dungeon
  4995 | D:4      | Found an ancient bone altar of Kikubaaqudgha.
  4999 | D:4      | Found a bloodstained altar of Trog.
  5005 | D:4      | Found a glowing silver altar of Zin.
  5008 | D:4      | Found an iron altar of Okawaru.
  5016 | D:4      | Found a shadowy altar of Dithmenos.
  5305 | D:5      | Noticed a water moccasin
  5330 | D:5      | Killed a water moccasin
  5331 | D:5      | Reached skill level 7 in Long Blades
  5331 | D:5      | Reached XP level 8. HP: 9/64 MP: 8/8
  5673 | D:5      | Found a radiant altar of Vehumet.
  6378 | D:6      | Noticed Maggie
  6492 | D:6      | Found Zudaadan's Antique Armour Boutique.
  6498 | D:6      | Bought a slimy chain mail for 228 gold pieces
  6498 | D:6      | Identified the +3 chain mail of Analysis {rPois rF- Dex-5
                  | SInv} (You bought it in a shop on level 6 of the Dungeon)
  6601 | D:6      | Reached skill level 8 in Long Blades
  7155 | D:6      | Slain by an unseen horror

Illustrated notes

Levels and vault maps discovered:
D:1:      minmay_arrival_four_loops, layout_basic, minmay_ruptured
D:2:      layout_loops_ring, hellmonk_ecumenical_altar_run_dry, basic_altar,
          nrook_uturn, uniq_jessica
D:3:      layout_loops_ring, serial_shops, shop, cheibrodos_sewer_entry_drain,
          uniq_grinder
D:4:      layout_rooms, minmay_overflow_temple_star_hex,
          minmay_temple_entry_arrows, grunt_tough_drop
D:5:      layout_rooms, vehumet_altar_wand_db
D:6:      layout_loops_ring, serial_shops, shop_fountains,
          minmay_misc_feat_more_columns, minmay_pentangle, uniq_blork_the_orc,
          uniq_maggie
Temple:   bh_familiar_temple

Skill      XL: |  1  2  3  4  5  6  7  8 |
---------------+-------------------------+-----
Long Blades    | 3 4 5 7 8 |  8.3
Fighting       | 4 5 6 |  6.4
Armour         | |  3.0
Shields        | |  3.0

Action                   |  1- 3 |  4- 6 |  7- 9 || total
-------------------------+-------+-------+-------++-------
Melee: Long sword        |   100 |   184 |   242 ||   526
Throw: Stone             |       |    14 |       ||    14
       Javelin           |       |       |     2 ||     2
       Dart              |       |       |     6 ||     6
  Use: Scroll            |       |     6 |     4 ||    10
       Potion            |       |     1 |     4 ||     5
 Stab: Invisible         |       |       |     2 ||     2
Armor: Scale mail        |    41 |    58 |    82 ||   181
       Chain mail        |       |       |    21 ||    21
Dodge: Dodged            |    46 |    70 |    95 ||   211
Block: Buckler           |    16 |    41 |    40 ||    97
